 Dungeon Crawl Stone Soup version 0.27.0-1-g7a089689b8 (webtiles) character file.

Game seed: 17369161257682545088

341 ZARRMARR the Ruffian (level 6, -5/59 HPs)
             Began as a Troll Fighter on Aug 4, 2021.
             Slain by a boulder beetle (20 damage)
             ... on level 7 of the Dungeon.
             The game lasted 00:19:26 (2637 turns).

ZARRMARR the Ruffian (Troll Fighter)                Turns: 2637, Time: 00:19:26

Health: -5/59      AC:  4    Str: 31    XL:     6   Next: 30%
Magic:  5/5        EV:  9    Int:  4    God:
Gold:   111        SH: 10    Dex: 17    Spells: 2/5 levels left

rFire    . . .     SeeInvis .     - Unarmed
rCold    . . .     Faith    .   b - +0 kite shield
rNeg     . . .     Spirit   .   a - +0 robe
rPois    .         Reflect  .   (helmet restricted)
rElec    .         Harm     .   v - scarf {shadows}
rCorr    .         Rampage  .   (gloves unavailable)
Will     .....                  (boots unavailable)
Stlth    ++........             (no amulet)
HPRegen  1.19/turn              f - +6 ring of strength
MPRegen  0.09/turn              i - +6 ring of dexterity

@: no status effects
A: large, unfitting armour, claws 3, regeneration 1, shaggy fur 1, tough skin 1
a: no special abilities


You were on level 7 of the Dungeon.
You visited 1 branch of the dungeon, and saw 5 of its levels.

You collected 111 gold pieces.

Inventory:

Missiles
 g - 54 stones
 o - 3 boomerangs (quivered)
 p - 11 poisoned darts
Armour
 a - a +0 robe (worn)
 b - a +0 kite shield (worn)
 v - a scarf of shadows (worn)
Jewellery
 f - a +6 ring of strength (left claw)
 i - a +6 ring of dexterity (right claw)
Wands
 m - a wand of polymorph (6)
 r - a wand of iceblast (7)
Scrolls
 d - a scroll of identify {unknown}
 h - 2 scrolls of fog
 k - a scroll of teleportation {unknown}
 n - a scroll of enchant weapon {unknown}
 q - a scroll of immolation {unknown}
 s - a scroll of enchant armour {unknown}
Potions
 c - a potion of might
 e - 2 potions of attraction {unknown}
 j - 3 potions of flight {unknown}
 l - a potion of magic {unknown}
 t - a potion of curing {unknown}
 u - a potion of degeneration {unknown}


   Skills:
 + Level 2.7 Fighting
 + Level 0.1 Throwing
 + Level 3.4 Dodging
 + Level 0.9 Stealth
 + Level 3.6 Shields
 + Level 4.3 Unarmed Combat


You had 2 spell levels left.
You knew the following spells:

 Your Spells              Type           Power      Damage    Failure   Level
a - Lesser Beckoning      Tloc           0%         N/A       99%         3

Your spell library contained the following spells:

 Spells                   Type           Power      Damage    Failure   Level
 Gell's Gravitas          Tloc           0%         N/A       99%         3
 Teleport Other           Tloc           0%         N/A       99%         3


Dungeon Overview and Level Annotations

Branches:
Dungeon (4/15)
 Temple: D:4-7

Altars:

Shops:
D:2 *

Annotations:
D:7 1 runed translucent door, Crazy Yiuf


Innate Abilities, Weirdness & Mutations

You are too large for most types of armour.
You have claws for hands.
Your natural rate of healing is unusually fast.
You are covered in fur. (AC +1)
You have tough skin. (AC +1)


Message History

You are no longer locked in place.
You start resting.
Your magical contamination has completely faded away.
Magic restored.
Found a dagger.
Found a falchion.
You see here a +0 dagger.
You see here a +0 falchion.
You fall into a shaft and drop 3 floors!
The shaft crumbles and collapses.
Found a runed translucent door.
Found a mace.
Crazy Yiuf shouts!
A boulder beetle comes into view.
The boulder beetle moves out of view.
A boulder beetle is nearby!
Throw: 3 boomerangs
Press: ? - help, Q - select action, (/) - cycle Shift-Dir - straight line, f - boulder beetle
Aim: a boulder beetle (wandering, hasn't noticed you, 90% to hit)
You throw a boomerang. The boomerang hits the boulder beetle!
The boulder beetle is lightly wounded.
The boulder beetle curls into a ball and begins rolling!
Throw: 3 boomerangs
Press: ? - help, Q - select action, (/) - cycle Shift-Dir - straight line, f/p - boulder beetle
Aim: a boulder beetle (lightly wounded, rolling, 90% to hit)
You throw a boomerang.
The boomerang barely misses the boulder beetle.
The boulder beetle hits you!!
The boulder beetle stops rolling and uncurls.
You scratch the boulder beetle.
The boulder beetle is lightly wounded.
You block the boulder beetle's attack.
You claw the boulder beetle!
The boulder beetle is moderately wounded.
The boulder beetle bites you!!
* * * LOW HITPOINT WARNING * * *
You scratch the boulder beetle.
The boulder beetle is moderately wounded.
The boulder beetle closely misses you. The boulder beetle bites you!!
You die...

# .#
######..#♣♣
#...@B.....
#.#####.#♣♣ #.#
# ♣♣###.# ..#♣♣
♣♣.....#
.g+.♣♣♣♣......#
..#♣..♣......##
# ♣♣♣.♣....##
♣♣♣♣♣###


You could see a boulder beetle.

Vanquished Creatures
  Sigmund (D:2)
  An orc priest (D:3)
  Ijyb (D:3)
  2 orc wizards (D:3)
  Terence (D:3)
  A worm (D:4)
  A dart slug (D:4)
  2 orcs (D:3)
  6 ball pythons
  3 bats
  4 endoplasms
  5 giant cockroaches
  5 goblins
  2 hobgoblins (D:2)
  6 jackals
  2 quokkas
  2 frilled lizards (D:1)
  5 kobolds
  A rat (D:2)
51 creatures vanquished.

Notes
Turn   | Place    | Note
-------+----------+-------------------------------------------
     0 | D:1      | ZARRMARR the Troll Fighter began the quest for the Orb.
     0 | D:1      | Reached XP level 1. HP: 22/22 MP: 0/0
   417 | D:1      | Reached XP level 2. HP: 23/26 MP: 1/1
  1059 | D:2      | Reached XP level 3. HP: 35/35 MP: 2/2
  1106 | D:2      | Found Doixoe's Assorted Antiques.
  1164 | D:2      | Noticed Sigmund
  1187 | D:2      | Killed Sigmund
  1188 | D:2      | Reached skill level 3 in Unarmed Combat
  1188 | D:2      | Reached XP level 4. HP: 22/44 MP: 3/3
  1188 | D:2      | Reached XP level 5. HP: 25/50 MP: 4/4
  1290 | D:2      | Found a faded altar of an unknown god.
  1304 | D:2      | Found a faded altar of an unknown god.
  1724 | D:3      | Reached skill level 4 in Unarmed Combat
  1724 | D:3      | Reached XP level 6. HP: 48/59 MP: 5/5
  1842 | D:3      | Noticed Ijyb
  1851 | D:3      | Killed Ijyb
  2068 | D:3      | Noticed Terence
  2075 | D:3      | Killed Terence
  2473 | D:3      | Learned a level 3 spell: Lesser Beckoning
  2609 | D:4      | You fall into a shaft and drop 3 floors!
  2612 | D:7      | Found a runed translucent door.
  2613 | D:7      | Noticed Crazy Yiuf
  2628 | D:7      | Noticed a boulder beetle
  2637 | D:7      | Slain by a boulder beetle

Illustrated notes

Levels and vault maps discovered:
D:1:      dpeg_arrival_signposts, layout_basic, moated_statue
D:2:      layout_rooms, hellmonk_ecumenical_altar_the_god_not_taken,
          serial_shops, shop, uniq_sigmund
D:3:      layout_loops_ring, chequers_serial_rivers_micro_d,
          ebering_dispersal_statue_hall, uniq_terence, uniq_ijyb
D:4:      layout_loops_ring, tgw_fedhas, nicolae_kikubaaqudgha_miasma_corner
D:7:      nzn_winding_woodlands_stair_cross
          [nzn_winding_woodlands_5x15_concentric,
          nzn_winding_woodlands_center_pierced_h,
          nzn_winding_woodlands_5x15_pathside_ponds,
          nzn_winding_woodlands_hourglass, nzn_winding_woodlands_5x5_cross,
          nzn_winding_woodlands_5x15_sidewinder,
          nzn_winding_woodlands_center_lodge,
          nzn_winding_woodlands_5x15_split_checker], layout_loops_ring,
          mainiacjoe_overflow_six_doors_small, uniq_crazy_yiuf_cottage

Skill      XL: |  1  2  3  4  5 |
---------------+----------------+-----
Dodging        | 3 |  3.4
Shields        | 3 |  3.6
Unarmed Combat | 3 4 |  4.3
Fighting       | |  2.7
Throwing       | |  0.1
Stealth        | |  0.9

Action                   |  1- 3 |  4- 6 || total
-------------------------+-------+-------++-------
Melee: Unarmed           |    68 |    69 ||   137
Throw: Stone             |       |     5 ||     5
       Boomerang         |       |     8 ||     8
  Use: Scroll            |       |     1 ||     1
 Stab: Sleeping          |     3 |     2 ||     5
Armor: Robe              |    26 |    10 ||    36
Dodge: Dodged            |    21 |    14 ||    35
Block: Kite shield       |    30 |    27 ||    57
